 Dungeon Crawl Stone Soup version 0.18-a0-1121-gb454403 (webtiles) character file.

3175 Geeful the Destroyer (level 9, -2/51 HPs)
             Began as an Octopode Wizard on Jan 18, 2016.
             Was a Priest of Sif Muna.
             Slain by a wight
             ... wielding a +2 dire flail of protection
              (4 damage)
             ... on level 7 of the Dungeon.
             The game lasted 00:36:26 (9703 turns).

Geeful the Destroyer (Octopode Wizard)              Turns: 9703, Time: 00:36:26

Health: -2/51      AC:  2    Str:  6    XL:     9   Next: 95%
Magic:  20/22      EV: 14    Int: 24    God:    Sif Muna [***...]
Gold:   413        SH:  0    Dex: 10    Spells: 4 memorised, 17 levels left

rFire  . . .     SeeInvis +     k - +4 short sword (drain)
rCold  . . .     Gourm    .     (no shield)
rNeg   . . .     Faith    .     a - +1 hat
rPois  +         Spirit   .     (no amulet)
rElec  .         Dismiss  .     u - ring of see invisible
rCorr  +         Reflect  .     h - ring of resist corrosion
SustAt .         Harm     .     v - +3 ring of evasion
MR     .....                    A - ring of poison resistance
Stlth  +++.......               (no ring)
                                (no ring)
                                (no ring)
                                (no ring)

@: repel missiles, drained, not resistant to hostile enchantments, fairly
stealthy
A: almost no armour, amphibious, 8 rings, constrict 8, camouflage 1, gelatinous
body 1
a: Channel Energy, Forget Spell, Renounce Religion


You were on level 7 of the Dungeon.
You worshipped Sif Muna.
Sif Muna was most pleased with you.
You were not hungry.

You visited 2 branches of the dungeon, and saw 9 of its levels.

You collected 413 gold pieces.

Inventory:

Hand Weapons
 k - a +4 short sword of draining (weapon)
 E - a +1 short sword of freezing
 F - a +0 blowgun
Missiles
 f - a throwing net
 g - 6 tomahawks (quivered)
 q - 6 poisoned tomahawks
Armour
 a - a +1 hat (worn)
 x - a +0 large shield
Jewellery
 h - a ring of resist corrosion (right tentacle)
 u - a ring of see invisible (left tentacle)
 v - a +3 ring of evasion (on tentacle)
 A - a ring of poison resistance (on tentacle)
Wands
 r - a wand of disintegration (23/24)
 I - a wand of lightning (5/15)
Scrolls
 d - a scroll of vulnerability {unknown}
 e - a scroll of amnesia
 n - a scroll of recharging
 w - a scroll of magic mapping
 y - a scroll of remove curse
 z - a scroll of blinking
 C - a scroll of fear {unknown}
 G - 4 scrolls of fog
 H - a scroll of identify
Potions
 i - a potion of might
 j - 3 potions of curing
 l - a potion of flight
 m - 2 potions of brilliance
 o - a potion of berserk rage
 p - a potion of resistance
 t - a potion of agility
 D - 2 potions of cancellation
Books
 b - a book of Minor Magic

   Spells                             Type                      Level
   a - Magic Dart                     Conjuration                  1
   b - Blink                          Translocation                2
   c - Call Imp                       Summoning                    2
   d - Repel Missiles                 Charms/Air                   2
   e - Slow                           Hexes                        2
   f - Conjure Flame                  Conjuration/Fire             3
   g - Mephitic Cloud                 Conjuration/Poison/Air       3
 s - a book of Transfigurations

   Spells                             Type                      Level
   a - Stoneskin                      Transmutation/Earth          2
   b - Irradiate                      Conjuration/Transmutation    5
   c - Statue Form                    Transmutation/Earth          6
   d - Hydra Form                     Transmutation                6
   e - Dragon Form                    Transmutation                7
Comestibles
 c - a bread ration
 B - 4 fruits


   Skills:
 - Level 2.0(1.3) Dodging
 - Level 2.6(2.0) Stealth
 + Level 9.2(8.4) Spellcasting
 + Level 9.8(9.0) Conjurations
 - Level 1.0(0.3) Summonings
   Level 1.0(0.3) Translocations


You had 17 spell levels left.
You knew the following spells:

 Your Spells              Type           Power        Failure   Level  Hunger
a - Stoneskin             Trmt/Erth      ##......     12%         2    None
b - Call Imp              Summ           ##......     12%         2    None
c - Repel Missiles        Chrm/Air       ##....       12%         2    None
d - Mephitic Cloud        Conj/Pois/Air  ###.....     6%          3    None


Dungeon Overview and Level Annotations

Branches:
Dungeon (8/15)             Temple (1/1) D:6
   Lair: D:8-11

Altars:
Cheibriados
Dithmenos
Elyvilon
Fedhas
Gozag
Kikubaaqudgha
Makhleb
Nemelex Xobeh
Qazlal
Sif Muna
Trog
Vehumet
Zin
The Shining One

Annotations:
D:8 Sodium1970's ghost, novice HuFi


Innate Abilities, Weirdness & Mutations

You cannot wear most types of armour.
You are amphibious.
You can wear up to eight rings at the same time.
You can use your tentacles to constrict eight enemies at once.
Your skin changes colour to match your surroundings (Stealth).
Your rubbery body absorbs attacks (AC +1).


Message History

* * * LOW HITPOINT WARNING * * *
Your crimson imp hits the wight but does no damage.
You release your grip on the wight.
Your white imp gestures at the wight.
The puff of frost hits the wight.
The wight completely resists.
You barely miss the wight. You grab the wight.
The wight is lightly damaged.
You constrict the wight, but do no damage.
Your crimson imp hits the wight but does no damage.
The wight misses you.
Your crimson imp hits the wight but does no damage.
You release your grip on the wight.
Your white imp gestures at the wight.
The puff of frost hits the wight.
The wight completely resists.
A wight comes into view. It is wielding a falchion of freezing.
There is a stone staircase leading down here.
The wight hits you with a dire flail of protection!
* * * LOW HITPOINT WARNING * * *
You feel drained.
You die...

#.# ##.......## ##..#
#...... #.# ##.....##
#...# ####.## #.#
##...## #...# #.# ..#
##'## #...# #.# ###
#.# ##.## #.#
#########.### #.# #.#
............# #.#
#####.##
....##.#.z..#######.#
#.......
##..##.<...55..z@...#
#.###.##
##..##.#...##########
#.# #.## ....##.##)##
#.# #.## ###.##.####
#.# #... ###.##.# #.#
#### ....##.#
#.###### .......#
#....... ########
########


You could see 2 wights, a friendly crimson imp and a friendly white imp.

Vanquished Creatures
  The ghost of Sodium1970 the Slasher, a novice HuFi of the Shining One (D:7)
  A wyvern (D:8)
  A hungry ghost (D:8)
  2 hippogriffs (D:7)
  A sky beast (D:5)
  3 ogres
  A black bear (D:7)
  A crocodile (D:8)
  3 giant frogs
  2 scorpions
  6 killer bees (D:7)
  4 wights (D:7)
  A giant frog zombie (D:6)
  4 crimson imps
  A hound (D:6)
  2 orc priests
  6 orc wizards
  A giant frog skeleton (D:6)
  3 iguanas
  5 worker ants
  A hound zombie (D:5)
  A hound skeleton (D:7)
  4 gnolls (D:4)
  9 adders
  2 shadow imps
  An ooze (D:2)
  An adder skeleton (D:7)
  A worm (D:6)
  6 giant geckos
  15 orcs
  5 giant cockroaches
  5 goblins
  7 hobgoblins
  13 jackals
  3 quokkas
  9 bats
  A giant cockroach zombie (D:5)
  2 giant gecko skeletons
  4 giant newts
  10 kobolds
  11 rats
160 creatures vanquished.

Vanquished Creatures (collateral kills)
  The ghost of Geeful the Magician, a novice OpWz (D:4)
  An ogre (D:7)
  An adder (D:2)
  A worm (D:2)
4 creatures vanquished.

Grand Total: 164 creatures vanquished

Notes
Turn   | Place    | Note
--------------------------------------------------------------
     0 | D:1      | Geeful the Octopode Wizard began the quest for the Orb.
     0 | D:1      | Reached XP level 1. HP: 11/11 MP: 4/4
   425 | D:1      | Reached XP level 2. HP: 7/17 MP: 4/6
   429 | D:1      | Learned a level 2 spell: Call Imp
   432 | D:1      | Learned a level 2 spell: Repel Missiles
  1500 | D:2      | Reached XP level 3. HP: 21/21 MP: 7/7
  1618 | D:2      | Found an ancient bone altar of Kikubaaqudgha.
  1734 | D:2      | Found a faded altar to an unknown god.
  2130 | D:2      | Reached XP level 4. HP: 27/27 MP: 9/9
  2284 | D:2      | Learned a level 3 spell: Mephitic Cloud
  2424 | D:3      | Found a shadowy altar of Dithmenos.
  2542 | D:3      | Reached skill level 4 in Spellcasting
  2569 | D:3      | Found a blossoming altar of Fedhas.
  2575 | D:3      | Found a sparkling altar of Nemelex Xobeh.
  2591 | D:3      | Found a burning altar of Makhleb.
  2849 | D:3      | Reached XP level 5. HP: 17/31 MP: 11/11
  3171 | D:3      | Found a snail-covered altar of Cheibriados.
  3173 | D:3      | Found a stormy altar of Qazlal.
  3335 | D:4      | Noticed Geeful's ghost (novice OpWz)
  3604 | D:4      | HP: 2/46 [Geeful's ghost (8)]
  3611 | D:4      | Killed Geeful's ghost
  3611 | D:4      | Reached skill level 5 in Spellcasting
  3611 | D:4      | Reached XP level 6. HP: 19/36 MP: 9/13
  3949 | D:4      | Reached XP level 7. HP: 23/41 MP: 13/15
  4114 | D:4      | Reached skill level 5 in Conjurations
  4735 | D:5      | Entered Level 5 of the Dungeon
  4946 | D:5      | Reached skill level 6 in Spellcasting
  4996 | D:5      | Found a white marble altar of Elyvilon.
  5056 | D:5      | Reached XP level 8. HP: 38/46 MP: 10/17
  5144 | D:5      | Found a bloodstained altar of Trog.
  5490 | D:6      | Found a staircase to the Ecumenical Temple.
  5503 | Temple   | Entered the Ecumenical Temple
  5511 | Temple   | Became a worshipper of Sif Muna the Loreminder
  5996 | D:6      | Reached skill level 7 in Conjurations
  6248 | D:7      | Noticed Sodium1970's ghost (novice HuFi)
  6275 | D:7      | Killed Sodium1970's ghost
  6275 | D:7      | Reached * piety under Sif Muna
  7013 | D:7      | Reached skill level 8 in Conjurations
  7014 | D:7      | Reached XP level 9. HP: 48/51 MP: 17/20
  7177 | D:7      | Reached ** piety under Sif Muna
  8082 | D:7      | Reached skill level 9 in Conjurations
  8189 | D:8      | Learned a level 2 spell: Stoneskin
  8431 | D:8      | Noticed Sodium1970's ghost (novice HuFi)
  8889 | D:8      | Reached *** piety under Sif Muna
  9703 | D:7      | HP: 2/51 [wight/dire flail of protection (8)]
  9703 | D:7      | Slain by a wight

Vault maps used:
D:1:      tarquinn_simple_flora_water_f, feat_on_display
D:2:      old_standard_altar, ecumenical_altar_2
D:3:      nicolae_dithmenos_shadow_blocks, old_standard_altar,
          lemuel_crystal_altar, fedhas_altar_2, grunt_temple_overflow_open
D:4:      first_bread
D:5:      bloody_trog, elyvilon_altar_5
D:6:      minmay_temple_entry_statues_fountains, corexii_leaking_fountain
D:7:      roderic_roman_lattice
Temple:   temple_eino_lava_12

Action                   |  1- 3 |  4- 6 |  7- 9 || total
-------------------------+-------+-------+-------++-------
Melee: Club              |     8 |       |       ||     8
       Unarmed           |     4 |       |       ||     4
       Short sword       |    61 |    89 |   315 ||   465
Throw: Tomahawk          |       |       |     6 ||     6
 Cast: Magic Dart        |    16 |       |       ||    16
       Call Imp          |     2 |     8 |    30 ||    40
       Mephitic Cloud    |       |     1 |    25 ||    26
       Repel Missiles    |       |       |     2 ||     2
       Stoneskin         |       |       |     1 ||     1
Evoke: Wand              |       |       |     2 ||     2
  Use: Scroll            |     2 |     8 |    13 ||    23
       Potion            |       |     4 |     5 ||     9
 Stab: Sleeping          |    14 |     8 |     8 ||    30
       Distracted        |       |       |     3 ||     3
       Confused          |       |       |     5 ||     5
  Eat: Chunk             |     4 |     5 |     7 ||    16
       Fruit             |       |     1 |     1 ||     2
       Royal jelly       |       |       |     1 ||     1
       Pizza             |       |       |     1 ||     1
       Meat ration       |       |       |     1 ||     1
       Bread ration      |       |       |     1 ||     1
